 Dungeon Crawl Stone Soup version 0.23.2-30-g0e89c35649 (webtiles) character file.

Game seed: 5057927385931981048

133 senseless the Skirmisher (level 5, -2/47 HPs)
             Began as a Hill Orc Fighter on June 10, 2019.
             Slain by an ogre
             ... wielding a +0 giant club
              (20 damage)
             ... on level 3 of the Dungeon.
             The game lasted 00:05:17 (1797 turns).

senseless the Skirmisher (Hill Orc Fighter)         Turns: 1797, Time: 00:05:18

Health: -2/47      AC:  8    Str: 24    XL:     5   Next: 16%
Magic:  5/5        EV:  8    Int:  8    God:
Gold:   121        SH: 10    Dex: 11    Spells: 4/4 levels left

rFire    . . .     SeeInvis .   a - +0 long sword
rCold    . . .     Gourm    .   c - +0 shield
rNeg     . . .     Faith    .   b - +0 scale mail
rPois    .         Spirit   .   (no helmet)
rElec    .         Reflect  .   (no cloak)
rCorr    .         Harm     .   (no gloves)
MR       .....                  g - +0 pair of boots
Stlth    ..........             (no amulet)
HPRegen  0.15/turn              (no ring)
MPRegen  0.09/turn              (no ring)

@: mighty
A: no striking features
a: no special abilities


You were on level 3 of the Dungeon.
You were very hungry.

You visited 1 branch of the dungeon, and saw 3 of its levels.

You collected 121 gold pieces.

Inventory:

Hand Weapons
 a - a +0 long sword (weapon)
Armour
 b - a +0 scale mail (worn)
 c - a +0 shield (worn)
 g - a +0 pair of boots (worn)
Jewellery
 q - an uncursed ring of poison resistance {unknown}
Scrolls
 e - a scroll of teleportation {unknown}
 h - 3 scrolls of remove curse {unknown}
 m - 3 scrolls of identify {unknown}
 p - 2 scrolls of enchant weapon {unknown}
Potions
 i - 2 potions of ambrosia {unknown}
 j - 2 potions of brilliance {unknown}
 k - 2 potions of lignification {unknown}
 l - a potion of mutation {unknown}
 n - 3 potions of curing {unknown}
 o - 2 potions of haste {unknown}
Comestibles
 f - 4 rations


   Skills:
 + Level 4.5 Fighting
 + Level 3.0 Long Blades
 + Level 4.0 Armour
 + Level 1.0 Dodging
 + Level 4.3 Shields


You had 4 spell levels left.
You didn't know any spells.
Your spell library was empty.

Dungeon Overview and Level Annotations

Branches:
Dungeon (3/15)

Altars:
Ru


Message History

The giant cockroach is severely wounded.
The giant cockroach bites you but does no damage.
You closely miss the giant cockroach.
The giant cockroach is severely wounded.
You block the giant cockroach's attack.
The giant cockroach bites you but does no damage.
You slash the giant cockroach!
You kill the giant cockroach!
You feel very mighty all of a sudden. The ogre hits you with a +0 giant club!
You slash the ogre!
The ogre is heavily wounded.
The ogre hits you with a +0 giant club!
You are too injured to fight recklessly!
You are too injured to fight recklessly!
You are too injured to fight recklessly!
You slash the ogre!
The ogre is severely wounded.
The ogre hits you with a +0 giant club!!
You die...

###.# #...#
#.#<# #...#
##.## # #.#
#####<#####
#.#
......#...#
#.#
......O@#.#
#.#
.######...#
#.#
##.####.#
#......#
########


You could see an ogre.

Vanquished Creatures
  5 gnolls
  3 adders
  2 oozes (D:1)
  A worm (D:2)
  2 dart slugs (D:2)
  A leopard gecko (D:2)
  2 ball pythons (D:1)
  3 giant cockroaches
  2 goblins (D:1)
  5 hobgoblins
  4 kobolds (D:1)
  A quokka (D:2)
  5 bats
  5 frilled lizards
  4 rats
45 creatures vanquished.

Notes
Turn   | Place    | Note
-------+----------+-------------------------------------------
     0 | D:1      | senseless the Hill Orc Fighter began the quest for the Orb.
     0 | D:1      | Reached XP level 1. HP: 19/19 MP: 1/1
    20 | D:1      | Reached XP level 2. HP: 24/27 MP: 2/2
   219 | D:1      | Reached XP level 3. HP: 32/33 MP: 3/3
   667 | D:2      | Found a sacrificial altar of Ru.
   802 | D:2      | Reached XP level 4. HP: 37/40 MP: 4/4
  1430 | D:2      | HP: 2/41 [gnoll/+0 spear (3)]
  1433 | D:2      | Reached skill level 1 in Dodging
  1435 | D:2      | Reached XP level 5. HP: 3/47 MP: 5/5
  1774 | D:3      | Noticed an ogre
  1797 | D:3      | Slain by an ogre

Skill      XL: |  1  2  3  4 |
---------------+-------------+-----
Fighting       | 4 |  4.5
Shields        | 4 |  4.3
Armour         | 4 |  4.0
Dodging        | 1 |  1.0
Long Blades    | 3 |  3.0

Action                   |  1- 3 |  4- 6 || total
-------------------------+-------+-------++-------
Melee: Long sword        |    75 |    84 ||   159
  Use: Potion            |       |     1 ||     1
  Eat: Chunk             |       |     2 ||     2
Armor: Scale mail        |    28 |    38 ||    66
Dodge: Dodged            |    21 |    21 ||    42
Block: Shield            |    50 |    38 ||    88
       Rpst.: Long sword |     7 |     6 ||    13
